[Event "EU-ch 12th"]
[Site "Aix les Bains"]
[Date "2011.03.22"]
[Round "1"]
[White "Laznicka, Viktor"]
[Black "Telljohann, Sven"]
[Result "1/2-1/2"]
[ECO "A40"]
[WhiteElo "2688"]
[BlackElo "2415"]
[Annotator "Marchand,A/Primel,D"]
[PlyCount "73"]
[EventDate "2011.03.22"]
[EventType "swiss"]
[EventRounds "11"]
[EventCountry "FRA"]
[SourceTitle "CBM 142 Extra"]
[Source "ChessBase"]
[SourceDate "2011.06.27"]
[SourceVersion "1"]
[SourceVersionDate "2011.06.27"]
[SourceQuality "1"]
[TimeControl "40/5400+30:1800+30"]

1. d4 g6 2. c4 Bg7 3. Nf3 c5 4. d5 ({RR} 4. e4 cxd4 5. Nxd4 Nc6 6. Be3) 4... d6
5. e4 (5. Qc2 $5 e5 6. Nc3 f5 7. e4 h6 8. g3 $1 Ne7 9. Nh4 O-O 10. Bd3 $14 (10. exf5 gxf5 11. Bd3
e4 12. Be2 Nd7 ) 10... f4 11. gxf4 exf4 12. e5 $1 g5 13. exd6 (13. e6 $1 gxh4 14. Rg1 Kh8 15. Bd2 a6
16. O-O-O $44) 13... Qxd6 14. Ne4 Qb6 15. d6 Nec6 16. Ng6 Rf7 17. h4 Bf5 18.
Ne7+ Nxe7 19. dxe7 Rxe7 {Lasinskas,P (2234)-Telljohann,S (2408)/ Germany 2003/
EXT 2005/0-1 (34)}) (5. Nc3 Bxc3+ $1 6. bxc3 f5 (6... Qa5 7. Qb3 f5 8. e3 (8.
g3) 8... Nf6 9. Bd3 Nbd7 10. O-O Nb6 11. Nd2 Bd7 (11... Qa6 12. Bc2 (12. f3 $2
Nfxd5 )) 12. f3 Ba4 (12... O-O-O 13. e4) 13. Qb2 O-O-O (13... Qa6
14. e4) 14. e4 fxe4 15. fxe4 Rdf8 16. e5 $1 Ng4 (16... dxe5 17. Nb3 Qa6 18.
Nxc5) 17. exd6 exd6 18. Nb3 Qa6 19. Bf4 $2 Nxd5) 7. g3 (7. h4 Nf6 8. Bh6 (8. h5
Rg8 9. hxg6 hxg6) 8... Qa5 9. Qc2 Nbd7 10. e3 Nb6 11. Bd3 Bd7 12. O-O O-O-O 13.
Rfe1 Qa4 14. Nd2 Qxc2 $15 {Doric,D (2420)-Sulava,N (2489) CRO-chT 15th 2006 (7)
0-1}) (7. Qa4+ $5 Bd7 8. Qb3 Qa5 9. Nd2 Nf6 (9... Na6 10. e4 $14)) (7. Qc2 Nf6
(7... Qa5) 8. Bh6 Qa5 9. e3 Nbd7 10. h3 Nb6 11. Bd3 Bd7 12. O-O Qa4 13. Qb3 Ne4
14. Bxe4 fxe4 15. Nd2 O-O-O 16. f3 $1 $14 {Alburt,L (2535)-Vigorito,D New York
op 1993 (4) 1-0}) 7... Qa5 8. Qc2 (8. Qb3 Nf6 9. Bg2 Nbd7 10. O-O Nb6 11. Nd2
Bd7 12. Re1 Ba4 13. Qb2 O-O 14. e4 $6 fxe4 15. Bf1 (15. Nxe4 Nxc4) 15... Qa6
16. Nxe4 Nxc4 17. Nxf6+ exf6 18. Re6 Nxb2 19. Bxa6 bxa6 20. Bxb2 Bb5 (20...
Rad8 21. c4 ) 21. Rxd6 Rad8) 8... Nf6 9. Bg2 Nbd7 $1 10. O-O Nb6 11. Nd2 Qa4 (11... Bd7 12.
Re1 O-O-O $132 13. Rb1 Rhe8 (13... Qa4 14. Qb3 Rhe8 15. e4) 14. Nb3 Qa4)) 5...
Bg4 (5... e6 6. Nc3 exd5 7. cxd5 a6 8. a4 Bg4 (8... Nf6 {Retombe sur une
grande ligne de la Benoni} 9. Bf4 O-O 10. Be2) 9. Be2 Nf6 (9... Nd7 10. O-O
Ngf6 11. Bf4 Qe7 (11... Bxf3 12. Bxf3 Qe7 13. a5 O-O 14. Re1 Rab8 15. Qc2 Ne8
16. Be2 Nc7 17. h3 b5 18. axb6 Rxb6 19. Bf1 Rfb8 $132)) 10. Bf4)
6. Be2 a6 ({RR} 6... Nd7 7. O-O Bxf3 8. Bxf3 Ngf6 9. Nc3 O-O 10. Bg5 h6 11. Be3
a6 12. Be2 Rb8 13. a4 Kh7 14. f4 Ne8 15. Rf3 e6 16. dxe6 fxe6 17. Qd2 Ndf6 18.
Rh3 Ng8 19. Rf1 Qb6 20. Bg4 d5 21. cxd5 {Trifunovic,P-Wade,R/Palma de Mallorca
1966/EXT 1998/1-0 (31)}) 7. Nc3 Nd7 8. O-O Ngf6 9. Ng5 $146 (9.
Bg5 O-O {Belov,V (2620)-Williams,S (2452) Hastings Masters op 2005 (6) 1-0}) (
9. a4 O-O {Toth,A (2419)-Kulaots,K (2530) Paks Cup GM 7th 2003 (8) 1/2}) 9...
Bxe2 10. Qxe2 h6 11. Nh3 O-O 12. f4 Ne8 13. a4 Nc7 14. a5 (14. e5 $5 dxe5 15.
f5 ) 14... Rb8 15. Ra3 b5 16. axb6 Rxb6 17. Nd1 e6 18. Rg3 (18.
f5 Ne5 19. Rg3 $14 ) 18... exd5 19. exd5 Qe8 20. Qc2 f5 21. Nhf2 (21. Kh1 $5 Qf7 22. Re3 Bd4) 21... Qf7 22. Rf3 Nf6 23. Ne3 h5 24. g3 Re8 25. h3 Ne4 26. g4 h4 27. gxf5 gxf5 28.
Nxe4 Rxe4 29. Kh1 Qh5 30. Qg2 Ne8 31. Qg5 Qxg5 {Les derniers coups ont été
joués avec moins d'une minute pour les deux adversaires} (31... Rb3 {La
variante sauvegardée а tort par le plateau DGT qui "oublie" le coup 31 Qg5
jouée dans la partie.} 32. Bd2 Rxb2 33. Be1 Rb3 34. Ng2 Rxf3 35. Rxf3 Rxc4 36.
Bxh4 a5) 32. fxg5 Rb3 33. Bd2 Rxb2 34. Be1 Rb3 35. Ng2 Rxf3 36. Rxf3 Rxc4 37.
Bxh4 1/2-1/2

[Event "Metz op 31th"]
[Site "Metz"]
[Date "2013.07.25"]
[Round "8"]
[White "Nisipeanu, Liviu Dieter"]
[Black "Bauer, Christian"]
[Result "1/2-1/2"]
[ECO "A40"]
[WhiteElo "2677"]
[BlackElo "2637"]
[Annotator "Metz Alekhine/Primel,D"]
[PlyCount "39"]
[EventDate "2013.04.20"]
[EventType "swiss"]
[EventRounds "9"]
[EventCountry "FRA"]
[SourceTitle "EXT 2016"]
[Source "ChessBase"]
[SourceDate "2015.10.08"]
[SourceVersion "1"]
[SourceVersionDate "2015.10.08"]
[SourceQuality "1"]
[TimeControl "40/5400:1800+30"]
[WhiteClock "1:30:00"]
[BlackClock "1:30:00"]

1. d4 e6 2. c4 b6 3. e4 Bb7 {Ce système n'a pas très bonne réputation
théorique mais le français a écrit une monographie sur la défense 1.c4 b6}
4. Bd3 (4. d5) 4... Nc6 (4... f5 {[%cal Gb7g2] Plus risqué}) 5. Ne2 Nb4 6.
Nbc3 Nxd3+ 7. Qxd3 Bb4 (7... Ne7 8. O-O d6) (7... g6 8. h4 Nf6 9. e5 Nh5 10. d5
d6 11. g4 Ng7 12. Bf4 Qd7 13. O-O-O O-O-O 14. Bg5 Be7 15. Bf6 Rhg8 16. Nb5 dxe5
17. Bxe5 Ne8 18. Qb3 exd5 19. cxd5 Kb8 20. Nec3 Bd6 21. Nxd6 Nxd6 22. f3 h5 23.
Qb4 Rge8 24. Bf6 Rc8 25. Rhe1 Ba6 26. Qf4 Rxe1 27. Rxe1 Re8 28. Rxe8+ Nxe8 29.
Bd4 Nd6 30. a4 Bc8 31. gxh5 gxh5 32. Be5 Nf5 33. a5 Qe7 34. axb6 axb6 35. Ne4
Kb7 36. d6 Qxh4 37. Qxh4 {Smirnov,P (2610)-Bocharov,D (2620) Novosibirsk 2012
1/2-1/2}) 8. O-O Bxc3 9. Nxc3 Ne7 10. d5 {[%csl Rb7] La poussée thématique
pour enfermer le Bb7} O-O 11. Bg5 $146 (11. Be3 f5 12. f3 fxe4 13. fxe4 Rxf1+
14. Rxf1 Ng6 15. b3 Qe7 16. Bd2 c6 17. Qd4 e5 18. Qd3 Rf8 19. Rxf8+ Nxf8 20.
Be3 c5 21. Qf1 d6 22. Qf5 a6 23. Qg5 Qc7 24. h4 Bc8 25. h5 h6 26. Qg3 Kf7 27.
a4 Qd7 28. Qh4 Ke8 29. Ne2 Qg4 30. Qxg4 Bxg4 31. Ng3 Nd7 32. a5 bxa5 33. Bd2 a4
34. bxa4 Nb6 35. Kf2 Nxc4 36. Bc3 Kf7 37. Nf1 Bxh5 38. Ne3 Nxe3 39. Kxe3 Bd1
40. a5 Kg6 {Feller,S (2570)-Chernyshov,K (2534) Harkany 2009 0-1}) 11... f6 12.
Bf4 d6 $1 13. dxe6 Bc8 14. Bg3 Bxe6 $132 15. Rfe1 Nc6 16. b3 f5 17. exf5 Nb4
18. Qd2 Bxf5 19. Nd5 Nxd5 20. Qxd5+ 1/2-1/2

[Event "Rohde op 12th"]
[Site "Sautron"]
[Date "2012.10.28"]
[Round "2"]
[White "Nguyen, Chi Minh"]
[Black "Ulybin, Mikhail"]
[Result "1-0"]
[ECO "A40"]
[WhiteElo "2392"]
[BlackElo "2529"]
[Annotator "RR"]
[PlyCount "75"]
[EventDate "2012.10.27"]
[EventType "swiss"]
[EventRounds "9"]
[EventCountry "FRA"]
[SourceTitle "EXT 2014"]
[Source "ChessBase"]
[SourceDate "2013.11.20"]
[SourceVersion "1"]
[SourceVersionDate "2013.11.20"]
[SourceQuality "1"]
[TimeControl "40/5400+30:1800+30"]
[WhiteClock "1:30:00"]
[BlackClock "1:30:00"]

1. d4 e6 2. c4 f5 3. Nc3 (3. g3 {La grande ligne}) 3... Nf6 4. Qc2 (4. Nf3 d5 5. Bf4 c6 6. e3) 4... b6 {[%emt 0:01:
20] Une ancienne ligne passée un peu de mode} (4... Bb4) 5. e3 Bb7 6. a3 ({RR} 6. f3 g6 7. Bd3 Bg7 8. Nge2
O-O 9. b4 d5 10. O-O Kh8 11. Rb1 a6 12. a4 Nbd7 13. cxd5 exd5 14. b5 Re8 15.
Bd2 Nf8 16. Kh1 Nh5 17. f4 Nf6 18. Ng1 Ne4 19. Nf3 Ne6 20. Na2 a5 {Rustemov,A 
(2589)-Ulibin,M (2586)/Biel 2004/EXT 2005/1-0 (58)}) 6... g6 $146 {[%emt 0:06:
10] Comme son adversaire jouait vite et s'était préparé sur une de ses
anciennes parties, le Russe décide de dévier le premieraprès quelques minutes
de réflexion.} ({RR} 6... Bd6 7. Nge2 O-O 8. Nf4 a6 9. Be2 g5 10. Nd3 Bxg2 11.
Rg1 Bb7 12. Rxg5+ Kh8 13. Bd2 h6 14. Rg1 Bxh2 15. Rf1 Bg2 16. O-O-O Bxf1 17.
Rxf1 Rg8 18. Qd1 Ne4 19. Rh1 Qh4 20. Nxe4 fxe4 21. Ne5 {Wojtaszek,R (2599)
-Ulibin,M (2521)/Stockholm 2009/CBM 128 Extra/1-0 (39)}) 7. Nf3 Bg7 {[%emt 0:04:40] Le mélange des deux systèmes est un peu bizarre et dans
une système de Léningrad, le plan des Noirs vise plutôt а jouer sur cases
noires au centre par d6e5.} 8. Be2 O-O 9. b4
$1 a5 10. b5 d6 11. O-O Nbd7 12. Bb2 Qe7 13. Nd2 e5 $11 14. Rae1 Kh8 $6 {
[%emt 0:05:40] Pas forcément indispensable} 15. Na4 c5 16. d5 (16. bxc6 Bxc6
17. Rb1 ) 16... e4 17. f3 $1 exf3 18. Bxf3 Rae8 19. e4 Bc8 {[%emt 0:07:53] Le
russe a désormais moins de 05 minutes pour passer le contrôle de temps.} 20.
Qb1 $1 f4 $8 21. Qa1 $36 {[%emt 0:02:18] Les Blancs ont un bon avantage d'espace et en
zeitnot, la position Noire n'est pas facile а jouer.} g5 22.
Bd1 h6 23. Nf3 Nh7 $6 (23... Ng4 $142 24. Bxg7+ Qxg7 25. Qxg7+
Kxg7 26. Nxg5 {Le GMI a manqué de temps pour calculer au delà ce de coup
intermédiaire} Nde5 27. Ne6+ Bxe6 28. dxe6 Ne3 29. Nxb6 Nxf1 30. Rxf1 Rxe6) 24.
e5 $1 Nxe5 (24... dxe5 25. Nxb6 $1
Nxb6 26. Nxe5 ) 25. Nxb6 Bf5 26. Nxe5 Bxe5 27. Bh5 $16 Qg7 28. Na4 Bxb2 29. Qxb2 Rxe1 30. Qxg7+ Kxg7 31. Rxe1 Kf6 $4 $138 (31...
Nf6 32. Re7+ Kg8 33. Be2 Rf7 34. Rxf7
Kxf7 35. Kf2 Ke7 $132) 32. h3 Rb8 33. Nc3 Nf8 34. Ne4+ Ke5 $4 (34... Bxe4) 35. Ng3+ Kf6 36. Nxf5 Kxf5 37. Re8 Rxe8 38. Bxe8 1-0

[Event "Sautron op 14th"]
[Site "Sautron"]
[Date "2014.10.25"]
[Round "6"]
[White "Maiorov, Nikita"]
[Black "Shirazi, Kamran"]
[Result "1-0"]
[ECO "A40"]
[WhiteElo "2583"]
[BlackElo "2367"]
[Annotator "RR"]
[PlyCount "69"]
[EventDate "2014.10.26"]
[EventType "swiss"]
[EventRounds "9"]
[EventCountry "FRA"]
[SourceTitle "EXT 2015"]
[Source "ChessBase"]
[SourceDate "2014.11.20"]
[SourceVersion "1"]
[SourceVersionDate "2014.11.20"]
[SourceQuality "1"]
[TimeControl "40/5400+30:1800+30"]
[WhiteClock "0:13:11"]
[BlackClock "0:22:08"]

1. d4 e6 2. c4 b6 {[%emt 0:
00:00] Une variante qui n'a pas très bonne réputation théorique} (2... Bb4+)
3. Nc3 Bb7 4. e3 f5 {
[%emt 0:01:04] Très risqué mais le MI veut pêcher en eaux troubles} (4...
Nf6 5. Nf3 Be7 6. Bd3 c5 7. O-O cxd4 8. Nxd4 O-O 9. b3 Na6 10. Bb2 Nc5 11. Bc2
Qb8 12. Nde2 a5 13. Qd4 h6 14. Ng3 Rd8 15. Rad1 d6 16. e4 h5 17. Rfe1 h4 18.
Nf1 Nh5 19. Qe3 Bf6 20. Qf3 g6 21. g4 hxg3 22. Nxg3 Nxg3 23. Qxf6 Nh5 24. Qg5
e5 25. Nd5 Ne6 26. Nf6+ Nxf6 27. Qxf6 Nf4 28. Re3 Qc8 29. Rxd6 Rxd6 30. Qxd6
Qg4+ 31. Kf1 Qg2+ 32. Ke1 Qg1+ 33. Kd2 Qxf2+ 34. Kd1 {Schleining,Z (2377)-Graf,
F (2481) Saarbruecken 2013 0-1}) 5. f3 Qh4+ $5 $146 (5... Nf6 6. Bd3 g6 7. Nge2 Bg7 8. O-O O-O 9. e4 fxe4 10. fxe4 c5 11.
Bg5 cxd4 12. Nxd4 Nc6 13. Nxc6 dxc6 14. Qe2 c5 15. Rad1 Qd4+ 16. Kh1 Qe5 17.
Bf4 Qh5 18. Bd6 Ng4 19. h3 Rxf1+ 20. Rxf1 Rd8 21. Bf4 Nf6 22. Qe3 e5 23. Bh2
Bh6 24. Qf3 Bg7 25. Nd5 Qxf3 26. Rxf3 Bxd5 27. cxd5 Ne8 28. Kg1 Nd6 29. Kf1 c4
30. Bb1 Rc8 31. a4 a6 32. Bg1 b5 33. axb5 axb5 34. Ra3 Bf8 35. Bh2 {Olivares,F
(2305)-Alvarez Pedraza,A (2486) Havana 2014 1/2-1/2}) 6. g3 Qh5 7. Bg2 Bb4 8. Bd2 Nf6 9. Nh3 $1 Bxc3 10. Bxc3 d6 11. Nf4 $14 Qf7 12. Qe2 $1 Nbd7 13. e4 fxe4 14. fxe4 e5 15.
Nd5 exd4 16. Bxd4 O-O-O 17. O-O $13 Ne5 $6 {[%emt 0:02:09]
Un coup naturel mais le GMI va trouver immédiatement la réfutation} (17...
Kb8) 18. c5 $1 Rhe8 (18... bxc5 19. Bxe5 $36)
19. cxb6 cxb6 20. a4 Nc6 {
[%emt 0:02:10][%csl Ga5] Trop lent} (20... Bxd5 {Un moindre mal mais jouer
sans le B ne peut que retarder l'échéance.} 21. exd5 Kb8 22. Qb5 (22. a5 Nc6)
22... Qd7) 21. Bxf6 gxf6 22. Nxf6 Re5 23. Bh3+ Kc7 24.
b4 $1 Nxb4 25. Rac1+ $40 Kb8 26. Nd7+ Rxd7 27. Rxf7 Rxf7 28. Qd2 Rc5 29. Rxc5 bxc5 30. Qxd6+ Rc7 31. e5 Be4 32. Bd7 Nd3 33. e6 c4 34. e7 Bg6 35. Bf5 1-0

[Event "Gibraltar Masters 13th"]
[Site "Caleta"]
[Date "2015.02.05"]
[Round "10"]
[White "Wagner, Dennis"]
[Black "Iturrizaga Bonelli, Eduardo"]
[Result "1-0"]
[ECO "A40"]
[WhiteElo "2501"]
[BlackElo "2649"]
[Annotator "Wagner,D"]
[PlyCount "83"]
[EventDate "2015.01.27"]
[EventType "swiss"]
[EventRounds "10"]
[EventCountry "GGB"]
[SourceTitle "CBM 165"]
[Source "ChessBase"]
[SourceDate "2015.03.11"]
[SourceVersion "1"]
[SourceVersionDate "2015.03.11"]
[SourceQuality "1"]
[TimeControl "6600+10"]

{Bereits vor dieser Partie hatte ich ein sehr starkes Turnier gespielt und es
konnte nicht mehr allzu viel schiefgehen. Bei einem Remis war mir ein
Ratingpreis sicher, allerdings konnte ich mit einem Sieg auch noch in die Top
10 aufsteigen. Deshalb beschloss ich, möglichst objektiv zu spielen, um das
Maximale aus der Partie herauszuholen.} 1. d4 e6 2. c4 b6 $5 {[%emt 0:00:24] Iturrizaga ist bekannt für
eher unkonventionelle Eröffnungen wie Wolgagambit oder Benoni. Dieses System
hatte er bisher noch nicht angewandt, ist aber für seinen Stil typisch.} 3. e4
{[%emt 0:00:35] die prinzipiellste Fortsetzung} Bb7 4. Bd3 Bb4+ 5. Kf1 $1 {[%emt 0:06:49] Dieser Zug war
mir aus der Partie So-Jobava, Bergamo 2014 bekannt. 5.Bd2 nebst 6.Qxd2 war
eine sicherere Alternative, aber ich entschloss mich für den meiner Meinung
nach objektiv stärksten Zug.} (5. Bd2 Bxd2+ 6. Qxd2 f5 7. Nc3 fxe4 (7... Nf6 8.
f3 fxe4 9. fxe4 O-O 10. Nf3) 8. Bxe4 Bxe4 9. Nxe4 Nf6 10. Nxf6+ Qxf6 11. Nf3
O-O 12. O-O $14 {Weiß steht etwas angenehmer.}) 5... Be7 (5...
e5 {Es ist fraglich, ob Schwarz für den geopferten Bauern genügend
Kompensation erhält.} 6. dxe5 d6 (6... Nc6 7. Nf3 $1 (7. f4 d6 8. a3 Bc5 9.
exd6 Qxd6 10. Nc3 O-O-O $44 {1-0 (34) Holt,C (2534)-Berczes,D (2522) Dallas
2013})) 7. a3 Bc5 8. exd6 Qxd6 9. Nc3 $16 {1-0 (38) Ragger,M (2657)-Hamitevici,
V (2453) Bilbao 2014}) 6. Nf3 d6 7. Nc3 Nd7 (7... Nf6 8. g3 O-O 9. Kg2 Nbd7 10. Qe2 c5
11. d5 Re8 12. Rd1 Bf8 13. dxe6 fxe6 14. Bc2 $14 {1-0 (37) So,W (2744)-Jobava,
B (2713) Bergamo 2014}) 8. g3 Bf6 $5 {[%emt 0:32:43] Dieser
Aufbau ist sehr interessant, die schwarze Stellung wirkt zwar recht passiv, da
er Weiß das gesamte Zentrum überlässt, aber bald wird ...c5 folgen und Schwarz
erhält gutes Gegenspiel. Problematisch war nur, dass mein Gegner zu viel Zeit
verbrauchte, um sich für diese Spielweise zu entscheiden.} (8... Ngf6 9. Kg2
O-O 10. Re1 e5 11. Bc2 $14 {hielt ich für eine logische Sequenz; die weiße
Stellung ist etwas angenehmer, aber Schwarz bekommt häufig Gegenspiel mit
einem gut getimten exd4; wenn Weiß das Zentrum schließt, bietet sich die
Möglichkeit c6 mit Spiel am Damenflügel.} Re8 (11... exd4 $6 12. Nxd4 Ne5 (
12... Nc5 13. b4) 13. Nf5) 12. Qe2 $14 (12. d5 c6 13. Be3 Rc8 14. Qe2 cxd5 15.
exd5) (12. Be3 Ng4)) 9. Kg2 Ne7 10. Be3 (10. Bc2 $5 {um die c5-Idee zu stoppen} O-O 11. Qd3 (11. Be3 c5 $1) 11... e5 (11... g6 12. h4) 12. d5 Nc5 13. Qe2 a5 14.
Be3 $14) 10... c5 $1 (10... O-O 11. Qd2 (11. h4 c5) (11. g4 c5
) (11. Bc2 c5 12. d5 Bxc3 13. bxc3 Ng6) 11... c5 12. d5 Ng6) 11. d5 (11. Nb5 Nc8 {hilft Weiß nicht weiter.}) 11... Bxc3 12. bxc3 Ng6 (12... O-O $1 {scheint genauer
zu sein, jetzt ist sofortiges Sd2 nicht überzeugend und wenn man ein Tempo für
Lc2 geben muss, wird das schwarze Gegenspiel rechtzeitig sein.} 13. a4 (13. Bc2
Ng6 $1 14. dxe6 (14. Nd2 f5 $1) 14... fxe6 15. Qxd6 $2 Rxf3 $1) (13. Nd2 exd5
14. cxd5 f5 $132) 13... Ng6 14. a5 Nde5 15. Nxe5 Nxe5 16. Be2 Ba6 17. axb6 axb6
18. Qb3 f5 $132) 13. Nd2 $1 O-O 14. f4 exd5 $5 {[%emt 0:05:08] Wenn Schwarz nichts konkretes findet,
steht Weiß einfach besser, er wird langfristig einen Angriff am Königsflügel
vorbereiten. Nun entbrannt ein Kampf um das weiße Zentrum.} (14... Nf6 15. Bc2)
15. cxd5 f5 16. c4 $1 {[%emt 0:03:40] Es ist
wichtig, das Zentrum intakt zu halten!} b5 $1 17. Rb1 (17. cxb5 Nf6 {und Weiß kann das Zentrum nicht halten.}) 17...
bxc4 18. Nxc4 Nb6 19. Na5 Qe7 $2 {[%emt 0:04:33] Ein schwerer strategischer Fehler,
nachdem die schwarze Stellung schlecht ist. Es war unbedingt notwendig, den
weißfeldrigen Läufer zu behalten! Das Feld c6 ist für den weißen Springer
nicht von großem Nutzen.} (19... Bc8 $1 20. Qc2 (20. exf5 Bxf5 21. Bxf5 Rxf5 ) (20. Nc6 Qe8 $1 21. e5 (21. Qc2 Qf7) 21... dxe5 22. Bxc5 Be6 $1)
20... fxe4 21. Bxe4 Qf6 $1 {Nach dem Abtausch der weißfeldrigen Läufer durch
Lf5 wird d5 hoffnungslos schwach. Weiß muss nach einem Weg suchen, das Remis
zu sichern.} 22. Rhe1 (22. Nc6 Bf5) (22. Nc4 Re8) 22... Bf5 23. Bxf5 Qxf5 24.
Qxf5 Rxf5 25. Bf2 (25. Nb7 Nc4 (25... Rxd5 26. Rbd1 $11) 26. Bf2 Rf7 27. Re6
Rd7) 25... Rxd5 26. Nc6 Rd2 27. Rbd1 Rxd1 28. Rxd1 Nc4 29. Rc1 Nb6 30. Rd1 $132
) (19... Nxd5 $2 20. Bc4 $1 $18 (20. exd5 Bxd5+)) 20. Nxb7 Qxb7 21. Re1 Qf7 22. Bf2 fxe4 (22... Ne5 23. Bc2) 23. Bxe4 Rae8 24. Qd3 (24. a4 $5) 24... Ne5 25. Qc2 (25. Bxh7+ $1 Kh8 26. Qc2 Ng4 27. Bg6
{wird Zugumstellung.}) 25... Ng4 (25... Ng6 {wäre stärker
gewesen, aber natürlich geht man nicht gerne wieder zurück.}) 26. Bxh7+ Kh8 27. Bg6 Qxd5+ 28. Kg1 (28. Be4 Qf7 29. Bg1 $16) 28... Rxe1+ 29. Rxe1 {[%emt 0:00:00] Aus praktischer Sicht ist die
Stellung fast gewonnen für Weiß. Mein Gegner war in Zeitnot und sein König ist
unheilbar schwach.} Nf6 $6 (29... Nxf2 30. Qxf2 $16) (29...
Nd7 $1 {wäre zäher gewesen} 30. h3 Nxf2 31. Qxf2 Kg8 32. Qe2 $16) 30. Qe2 Nbd7 31. Rd1 Qc6 32. Qe6 Qf3 33. Qh3+ Kg8 34. Rxd6 Rd8 35. Qe6+ Kh8 36. Qh3+ Kg8 37. Qe6+ Kh8 38. Rd3 Qb7 39. Qh3+ Kg8 40. Qe6+ Kh8 41. g4 Ng8 (41... Qb1+ 42. Be1 $1) 42. Rh3+ {[%emt 0:00:00] Eine sehr wichtige
Partie, die mich auf den 6. Platz katapultierte und ein sehr erfolgreiches
Turnier mit einem positiven Akzent beendete.} (42. Rh3+ {Schwarz gab auf, da
nach} Nh6 {einfach} 43. Qe7 {nebst Rxh6 folgt.}) 1-0